[Event "Championnat d'Europe Rapide"]
[Date "2024.12.08"]
[White "Safarli, Eltaj"]
[Black "Fedoseev, Vladimir"]
[WhiteElo "2610"]
[BlackElo "2709"]
[Round "10.1"]
[Result "0-1"]
[TimeControl "900+10"]

1. e4 e5 2. Nf3 Nf6 3. d4 Nxe4 4. Bd3 d5 5. dxe5 Nc5 6. Be2 Be7 7. O-O O-O 8. Be3 Nc6 9. Nc3 Be6 10. Bb5 a6 11. Bxc6 bxc6 12. Nd4 Qd7 13. Qd2 Nb7 14. Bg5 Bxg5 15. Qxg5 c5 16. Nde2 h6 17. Qg3 Bf5 18. Nf4 c6 19. Rac1 f6 20. exf6 Rxf6 21. Na4 Raf8 22. Nd3 c4 23. Ndc5 Nxc5 24.
Nxc5 Qd8 25.
Qe5 Rg6 26.
f4 d4 27.
Rf2 Qd5 28.
Qxd5+ cxd5 29. Rd1 Rc8 30. b4 a5 31. a3 axb4 32. axb4 Rb6 33. Rxd4 Rxb4 34. Rxd5 Rb1+ 35. Rf1 Bxc2 36. Rxb1 Bxb1 37. Kf2 c3 38. Ke3 Ba2 39. Re5 Rd8 40. Nd3 Bb1 41. Nb4 Rc8 42. Rb5 c2 43. Nxc2 Bxc2 44. g4 Rc3+ 45. Kd2 Rc4 46. h3 Ba4 47. Rb8+ Kh7 48. f5 Rc2+ 49. Kd3 Rh2 50. Kd4 Rxh3 0-1

[Site "Europe Echecs"]

[Event "Championnat d'Europe Rapide"]
[Date "2024.12.08"]
[White "Korobov, Anton"]
[Black "Paichadze, Luka"]
[WhiteElo "2629"]
[BlackElo "2532"]
[Round "10.2"]
[Result "1-0"]
[TimeControl "900+10"]

1. e4 c6 2. d4 d5 3. e5 Bf5 4. Nf3 e6 5. Be2 Nd7 6. O-O Ne7 7. c3 h6 8. a4 g5 9. a5 a6 10. Ne1 c5 11. Nd2 Nc6 12. Qa4 Bg7 13. Bd3 Bxd3 14. Nxd3 O-O 15. Nf3 cxd4 16.
cxd4 f6 17.
exf6 Qxf6 18. Be3 g4 19. Nd2 Rf7 20. Nb3 h5 21. Rad1 Raf8 22. Nbc5 Nxc5 23. Nxc5 h4 24. Nxb7 e5 25. Nc5 h3 26. Nd3 hxg2 27. Rfe1 Nxd4 28. Bxd4 exd4 29. Kxg2 Qh4 30. Qc2 Rf5 31. Kh1 Rf3 32. Rg1 Rh3 33. Rg2 Qh5 34. Re1 Kh8 35. Kg1 Qf5 36. Rd1 Rf3 37. Nb4 Qf7 38. Rxg4 Rf4 39. Rg2 Qh5 40. Rd3 Re4 41. Qd1 Rfe8 42. Qxh5+ 1-0

[Site "Europe Echecs"]

[Event "Championnat d'Europe Rapide"]
[Date "2024.12.08"]
[White "Dardha, Daniel"]
[Black "Quparadze, Giga"]
[WhiteElo "2639"]
[BlackElo "2537"]
[Round "10.3"]
[Result "1/2-1/2"]
[TimeControl "900+10"]

1. d4 Nf6 2.
c4 e6 3. Nc3 Bb4 4. e3 O-O 5. Bd3 c5 6. Nge2 d5 7. a3 dxc4 8. Bxc4 Bxc3+ 9. bxc3 Qc7 10. Ba2 b6 11. O-O Bb7 12. Ng3 Nc6 13. Re1 Rad8 14. Rb1 Rd7 15. Rb2 Rfd8 16. Rd2 Ba6 17. Bb2 Na5 18. f3 Nd5 19. Bxd5 Rxd5 20. Rf2 R5d7 21. Qc2 Nc4 22. Bc1 e5 23. Ne4 cxd4 24.
exd4 exd4 25. cxd4 Rxd4 26. Bg5 Rf8 27. Qc3 Qd7 28. Bf6 Rd3 29. Qa1 Rxa3 30. Qc1 h6 31. Qf4 Re3 32. Ra1 Re8 33. Qg3 g6 34. Qh4 h5 35. Bg5 R3xe4 36. fxe4 Bb7 37. h3 Bxe4 38. Bf6 Ne3 39. Re1 Nxg2 40. Qg5 Kh7 41. Rxg2 Bxg2 42. Rxe8 Qxe8 43. Kxg2 Qe2+ 44. Kg3 Qe1+ 45. Kg2 Qe2+ 46. Kg3 Qe1+ 47. Kg2 Qe2+ 1/2-1/2

[Site "Europe Echecs"]

[Event "Championnat d'Europe Rapide"]
[Date "2024.12.08"]
[White "Livaic, Leon"]
[Black "Jobava, Baadur"]
[WhiteElo "2560"]
[BlackElo "2578"]
[Round "10.4"]
[Result "0-1"]
[TimeControl "900+10"]

1. e4 d6 2.
d4 Nf6 3.
Nc3 e5 4.
Nf3 Nbd7 5.
Bc4 Be7 6.
O-O O-O 7.
a4 c6 8. Re1 h6 9. h3 Re8 10. a5 Bf8 11. Be3 exd4 12.
Bxd4 Qc7 13.
Ba2 Ne5 14.
Nd2 Be6 15.
Bxe6 Rxe6 16. f4 Ned7 17. Qf3 Ree8 18. Bf2 b5 19. axb6 axb6 20. Ne2 Rxa1 21. Rxa1 Qb7 22. Nc3 b5 23. Qd3 Nc5 24. Bxc5 dxc5 25. e5 Nd5 26. Nxd5 cxd5 27. Nf3 d4 28. b4 cxb4 29. Qxd4 Rc8 30. Qd3 Qb6+ 31. Kh1 Qf2 32. e6 fxe6 33. Qd7 Qxc2 34. Qxe6+ Kh7 35. Ne5 Rd8 36. f5 Rd6 37. Qf7 Rf6 38. Qe8 Qe2 39. Ra8 b3 0-1

[Site "Europe Echecs"]

[Event "Championnat d'Europe Rapide"]
[Date "2024.12.08"]
[White "Mohr, Georg"]
[Black "Sargissian, Gabriel"]
[WhiteElo "2385"]
[BlackElo "2628"]
[Round "10.5"]
[Result "0-1"]
[TimeControl "900+10"]

1. d4 Nf6 2.
Nf3 d5 3. e3 e6 4. Bd3 b6 5. Nbd2 Bb7 6. Qe2 Nbd7 7. e4 dxe4 8. Nxe4 Nxe4 9. Bxe4 Bxe4 10.
Qxe4 Be7 11.
O-O O-O 12.
Bf4 Nf6 13.
Qe2 Bd6 14. Be5 Nd7 15. Rad1 Qe7 16. Rd3 Rfe8 17. Rfd1 b5 18. Bg3 Nb6 19. Bh4 Qf8 20. Ne5 f6 21. Nf3 Nd5 22. Bg3 a6 23. c3 Qf7 24. Nd2 Bf8 25. Nf1 Rad8 26. Ne3 c6 27. Qc2 Qg6 28. Qd2 h5 29. h3 Bd6 30. Bxd6 Rxd6 31.
Nxd5 exd5 32. Re3 Rde6 33. Rxe6 Rxe6 34. Re1 Rxe1+ 35.
Qxe1 Kf7 36. Qe2 Qf5 37. a3 h4 38. Qg4 Qxg4 39. hxg4 f5 40. gxf5 Kf6 41. Kh2 Kxf5 42. Kh3 Kg5 43. g3 hxg3 44. Kxg3 a5 45. b4 a4 46. f3 Kf5 47. Kg2 Kf4 48. Kf2 g6 49. Ke2 Kg3 50. Ke3 g5 51. Ke2 Kg2 52. Ke3 Kf1 0-1

[Site "Europe Echecs"]

[Event "Championnat d'Europe Rapide"]
[Date "2024.12.08"]
[White "Kazakouski, Valery"]
[Black "Georgiev, Kiril"]
[WhiteElo "2567"]
[BlackElo "2537"]
[Round "10.6"]
[Result "1/2-1/2"]
[TimeControl "900+10"]

1. e4 e5 2.
Nf3 Nc6 3.
Bc4 Bc5 4.
c3 Nf6 5. d3 h6 6. O-O d6 7. a4 a5 8. Nbd2 O-O 9. h3 Ne7 10. Re1 Ng6 11. Nf1 c6 12. Bb3 Bb6 13. Ng3 d5 14. Be3 Bc7 15. Bc2 Re8 16. Qb1 Be6 17. b4 Qc8 18. b5 dxe4 19.
dxe4 cxb5 20. Qxb5 Nf4 21. Bb3 Ra6 22. Bxe6 Raxe6 23. Rab1 b6 24. Red1 Qa8 25. Nd2 Rc8 26. Rbc1 g6 27. c4 h5 28. c5 h4 29. cxb6 Bxb6 30. Rxc8+ Qxc8 31. Bxb6 hxg3 32. fxg3 Qc2 33. Qb1 Ne2+ 34. Kf2 Qxb1 35. Rxb1 Nc3 36. Rb3 Nxa4 37. Bxa5 Nc5 38. Re3 Ra6 39. Bb4 Ra2 40. Bxc5 Rxd2+ 41. Kf3 Nd7 42. Bb4 Rc2 43. Rd3 Rc7 44. Bd6 Rb7 45. g4 f6 46. g5 fxg5 47. Kg4 Nf6+ 48. Kf3 Rb5 49. Be7 Kf7 50. Bxf6 Kxf6 51. Rd6+ Kg7 52. Kg4 Kh6 53. Rd5 Rb2 54. g3 Rb3 55. Rxe5 Re3 56. Re7 Rb3 57. Re6 Re3 58. Re7 Rb3 59. h4 gxh4 60. Kxh4 Rf3 61. Kg4 Rf1 62. e5 Rf5 63. e6 Rf6 64. Kh4 Rf5 65. Kg4 Rf6 66. Kh4 Rf5 67. Ra7 Re5 68. e7 Re4+ 69. g4 g5+ 70. Kg3 Kg6 71. Kf3 Rf4+ 1/2-1/2

[Site "Europe Echecs"]

[Event "Championnat d'Europe Rapide"]
[Date "2024.12.08"]
[White "Bernadskiy, Vitaliy"]
[Black "Stojanovski, Dejan"]
[WhiteElo "2546"]
[BlackElo "2407"]
[Round "10.7"]
[Result "1/2-1/2"]
[TimeControl "900+10"]

1. Nf3 Nf6 2. g3 c5 3.
Bg2 g6 4. c4 Bg7 5. Nc3 O-O 6. d4 cxd4 7. Nxd4 Nc6 8. O-O Nxd4 9. Qxd4 d6 10. Qd2 Be6 11. Bxb7 Rb8 12. Bg2 Bxc4 13. b3 Be6 14. Bb2 Qa5 15. Rfd1 Rfc8 16.
Rac1 h5 17. h3 Kh7 18. e3 Rc5 19. Na4 Qxd2 20. Rxd2 Rxc1+ 21. Bxc1 Rc8 22. Bb2 Nd7 23. Bxg7 Kxg7 24. Kh2 Ne5 25. f4 Nd7 26. Bf3 Nc5 27. Nxc5 dxc5 28. Bb7 Rc7 29. Ba6 Rc6 30. Bb5 Rd6 31. Re2 a6 32. Ba4 c4 33. bxc4 Bxc4 34. Rc2 Be6 1/2-1/2

[Site "Europe Echecs"]

[Event "Championnat d'Europe Rapide"]
[Date "2024.12.08"]
[White "Fridman, Daniel"]
[Black "Janik, Igor"]
[WhiteElo "2571"]
[BlackElo "2515"]
[Round "10.8"]
[Result "1/2-1/2"]
[TimeControl "900+10"]

1. d4 g6 2.
Nf3 Bg7 3.
g3 c5 4. c3 cxd4 5. cxd4 Nf6 6. Nc3 d5 7. Bg2 O-O 8. Ne5 e6 9. O-O Nfd7 10. e4 Nxe5 11.
dxe5 d4 12.
Nb5 d3 13.
Be3 a6 14.
Nd6 Bxe5 15.
Nc4 Bc7 16.
Bc5 Re8 17.
e5 Nd7 18. Bd6 Bxd6 19. Nxd6 Rf8 20. f4 Qb6+ 21. Kh1 Nc5 22. Qd2 Bd7 23. b4 Na4 24. Qxd3 Bc6 25. Rac1 Bxg2+ 26.
Kxg2 Qxb4 27. Rc4 Qa5 28. Nxb7 Qb5 29. Nd6 Nb2 30. Qf3 Nxc4 31. Nxb5 axb5 32. Rf2 Ra3 33. Qb7 Ra5 34. g4 Rfa8 35. Kg3 Ra3+ 36. Rf3 Rxf3+ 37. Kxf3 Ra3+ 38. Ke4 Rxa2 39.
Qxb5 Nd2+ 40. Ke3 Rc2 41. h4 Kg7 42. h5 gxh5 43. gxh5 Ra2 44. Kd3 Nf3 45. Qb7 Ra3+ 46. Ke2 Nd4+ 47. Kd1 Nf5 48. Qg2+ Rg3 49. Qb7 h6 50. Qb8 Rh3 51. Qd8 Rxh5 52. Qf6+ Kg8 53. Qd8+ Kg7 54. Qf6+ Kg8 55. Qd8+ Kh7 56. Qf6 Ng7 57. Qxf7 Rf5 58. Qc7 Rxf4 59. Ke2 Rf5 60. Ke3 Kg6 61. Ke4 h5 62. Qd8 Rf1 63. Qh4 Rf5 64. Qd8 Rf1 1/2-1/2

[Site "Europe Echecs"]

[Event "Championnat d'Europe Rapide"]
[Date "2024.12.08"]
[White "Kadric, Denis"]
[Black "Muradli, Mahammad"]
[WhiteElo "2544"]
[BlackElo "2588"]
[Round "10.9"]
[Result "1/2-1/2"]
[TimeControl "900+10"]

1. e4 c5 2.
Nf3 d6 3. d4 cxd4 4. Nxd4 Nf6 5. Nc3 a6 6. Bc4 e6 7. Bb3 b5 8. Bg5 Be7 9. Qf3 Qb6 10. O-O-O O-O 11. Rhe1 Bb7 12. Qg3 Kh8 13. Qh4 Nbd7 14. f4 b4 15. Na4 Qc7 16. Rd3 Rfc8 17. Rh3 Nf8 18. f5 e5 19. Nf3 d5 20. g4 dxe4 21. Bxf6 Bxf6 22. g5 Bd8 23. Nd2 Bd5 24. c3 bxc3 25. Nxc3 Bxb3 26. axb3 f6 27. Ndxe4 fxg5 28. Qh5 Rab8 29. Nxg5 Bxg5+ 30. Qxg5 Qf7 31. Rxe5 Qxb3 32. Re2 Rb7 33. f6 g6 34. Qe5 Kg8 35. Rd3 a5 36. Qxa5 Rf7 37. Rf2 Rc6 38. Qd5 Qb6 39. Rf1 Rcxf6 40. Rxf6 Qxf6 41. Ne4 Qf1+ 42. Kc2 Qf5 43. Qc4 Ne6 44. Nd6 Qe5 45. Nxf7 Kxf7 46. Rd2 Qf5+ 47. Kc1 g5 48. b4 Kf6 49. b5 Qf3 50. Kb2 Qf5 51. b6 Nc5 52. Rd6+ Ke7 53. Rd5 Qf2+ 54.
Ka3 Qe3+ 55.
Kb4 Nd7 56.
Rd4 Qe1+ 57.
Kb5 Qe5+ 58.
Qd5 Qe2+ 59. Qc4 Qe5+ 60. Kc6 Qf6+ 61. Kb5 Qxb6+ 62. Ka4 Nc5+ 63. Ka3 Ne6 64. Qb4+ 1/2-1/2

[Site "Europe Echecs"]

[Event "Championnat d'Europe Rapide"]
[Date "2024.12.08"]
[White "Van Foreest, Jorden"]
[Black "Horvath, Dominik"]
[WhiteElo "2677"]
[BlackElo "2542"]
[Round "10.10"]
[Result "1-0"]
[TimeControl "900+10"]

1. e4 e5 2.
Nf3 Nf6 3.
d3 d5 4.
Nbd2 Bd6 5.
g3 O-O 6.
Bg2 c6 7.
O-O h6 8.
Re1 dxe4 9.
Nxe4 Nxe4 10. dxe4 Be6 11. Nh4 Bb4 12. c3 Qxd1 13. Rxd1 Bc5 14. Nf5 Nd7 15. Be3 Bxe3 16. Nxe3 Nc5 17. f3 Rfd8 18. b3 Kf8 19. Kf2 Ke7 20. Bf1 Rxd1 21.
Nxd1 a5 22.
Ke3 b5 23.
Nf2 f6 24.
Be2 Ra7 25.
h4 Ra8 26.
f4 Ra7 27.
Rd1 Rd7 28.
Rc1 Ra7 29.
Rc2 Ra8 30.
Bg4 Bf7 31.
Rd2 Rd8 32.
Rc2 Ra8 33.
Bf5 Rd8 34.
fxe5 fxe5 35. b4 Nd7 36. Bxd7 Rxd7 37. Nd3 Kd6 38. Rd2 Ra7 39. Nc5+ Ke7 40. bxa5 Rxa5 41. Rd7+ Ke8 42. Rc7 Rxa2 43. Nd3 Ra3 44. Nxe5 Ba2 45. Kd4 Ra4+ 46. Kc5 g5 47. Kd6 Kf8 48. Nd7+ Kg8 49. e5 gxh4 50. Nf6+ Kf8 51. e6 1-0

[Site "Europe Echecs"]

[Event "Championnat d'Europe Rapide"]
[Date "2024.12.08"]
[White "Zajic, Milan"]
[Black "Motylev, Alexander"]
[WhiteElo "2392"]
[BlackElo "2596"]
[Round "10.11"]
[Result "0-1"]
[TimeControl "900+10"]

1. e4 c5 2. Nf3 d6 3. d4 cxd4 4. Nxd4 Nf6 5. Nc3 a6 6. Bd3 g6 7. f3 Qb6 8. a3 Nbd7 9. Nb3 Bg7 10. Qe2 Qc7 11. Be3 b5 12. O-O O-O 13. Qf2 Bb7 14. h3 d5 15. exd5 Nxd5 16. Nxd5 Bxd5 17. Bd4 Ne5 18. Nc5 Nxf3+ 19.
gxf3 Bxd4 20. Qxd4 Qg3+ 21. Kh1 Qxh3+ 22. Kg1 Qg3+ 23. Kh1 Bxf3+ 24. Rxf3 Qxf3+ 25. Kg1 Qg3+ 26. Kf1 Qh3+ 27. Ke2 Rfd8 28. Qf2 Rd5 29. Ne4 Rad8 30. Qg3 Qh5+ 31. Kd2 Qh6+ 32. Kc3 f5 33. Nf2 Qg7+ 34. Kb3 Qf7 35. Kc3 e5 36. Rf1 e4 37. Nxe4 Qg7+ 38. Kb3 fxe4 39. Bxe4 Re5 40. Bd3 Rf8 41. Rxf8+ Kxf8 42. Qg2 Qf7+ 43. Kb4 Qe7+ 44. Kb3 Qe6+ 45. Kb4 Qd6+ 46. Kc3 Kg7 47. b4 Re7 48. Kb3 Qe6+ 49. Kb2 Qe5+ 50. Ka2 Qc3 51. Qd5 Qf6 52. Qg2 Re1 53. Qb7+ Kh6 0-1

[Site "Europe Echecs"]

[Event "Championnat d'Europe Rapide"]
[Date "2024.12.08"]
[White "Boyer, Mahel"]
[Black "Ragger, Markus"]
[WhiteElo "2526"]
[BlackElo "2577"]
[Round "10.12"]
[Result "1-0"]
[TimeControl "900+10"]

1. e4 e5 2.
Nf3 Nc6 3.
Nc3 Nf6 4.
Nd5 Bc5 5.
c3 O-O 6. d4 exd4 7. cxd4 Nxd5 8. dxc5 Nf6 9. Bd3 Qe7 10. Bg5 Qxc5 11. O-O d6 12. Qd2 Qa5 13. Qf4 Ng4 14. Qg3 Nce5 15.
Nxe5 Qxe5 16. Bf4 Qxb2 17. Rac1 Ne5 18. Bb1 Bd7 19. Rxc7 Bc6 20. h4 Qb6 21. Re7 Ng6 22. Bxd6 Nxe7 23. Bxe7 Qd4 24. e5 Bd7 25. Bc2 Rfe8 26. Rd1 Qg4 27.
Rxd7 Qxd7 28. Bf6 g6 29. Qg5 Rxe5 30. Bxe5 Qd8 31. Qf4 Qe7 32. Bb3 Re8 33. Bc3 Rd8 34. Bf6 Qd6 35. Bxf7+ Kf8 36. Be5 Qd2 37. Qf6 1-0

[Site "Europe Echecs"]

[Event "Championnat d'Europe Rapide"]
[Date "2024.12.08"]
[White "Mamedov, Rauf"]
[Black "Dragnev, Valentin"]
[WhiteElo "2656"]
[BlackElo "2563"]
[Round "10.13"]
[Result "0-1"]
[TimeControl "900+10"]

1. e4 c6 2. Nf3 d5 3. e5 Bg4 4. Be2 e6 5. O-O Ne7 6. d4 Nd7 7. Nbd2 c5 8. c4 dxc4 9. Nxc4 Nc6 10. Bg5 Qc7 11. d5 exd5 12. Qxd5 Be6 13. Qe4 h6 14. Bf4 O-O-O 15.
Rfd1 g5 16.
Bg3 Rg8 17.
Nd6+ Bxd6 18. exd6 Qb6 19. b4 cxb4 20. Rac1 Kb8 21. Bc4 Bxc4 22. Rxc4 Qb5 23. a4 Qxa4 24. Rdc1 Rge8 25. Qf5 Na5 26. Rc7 b3 27. h3 Qe4 28. Qb5 a6 29. Qxa5 b2 30. Nd2 bxc1=Q+ 31. Rxc1 Qd3 32. Qc7+ Ka8 33. Nc4 f5 34. f3 Qb3 35. Bf2 g4 36. hxg4 fxg4 37. fxg4 Qb5 38. Na3 Qd5 39. Nc4 Qb5 40. Na3 Qd5 41. Bh4 Qd4+ 42. Bf2 Qxg4 43. Nc4 Rg8 44. g3 Qf3 45. Rc3 Qd1+ 46. Kh2 Qh5+ 47. Kg1 Qd1+ 48. Kh2 Rdf8 49. Rc2 Qh5+ 50. Kg2 Qd5+ 51. Kh2 Qh5+ 52. Kg2 Qf3+ 53. Kh2 Rg5 54. Kg1 Rh5 0-1

[Site "Europe Echecs"]

[Event "Championnat d'Europe Rapide"]
[Date "2024.12.08"]
[White "Baidetskyi, Valentin"]
[Black "Laurusas, Tomas"]
[WhiteElo "2519"]
[BlackElo "2578"]
[Round "10.14"]
[Result "1/2-1/2"]
[TimeControl "900+10"]

1. e4 c5 2.
Nf3 e6 3. d4 cxd4 4. Nxd4 a6 5. Nc3 Qc7 6. Bd3 Bc5 7. Nb3 Be7 8. O-O Nf6 9. Qe2 d6 10. Kh1 Nbd7 11. f4 b6 12. Bd2 Bb7 13. Rae1 h5 14. Nd4 g6 15. Nf3 Nc5 16. b4 Nxd3 17. cxd3 h4 18. Rc1 Qd8 19. Be3 h3 20. Bd4 hxg2+ 21. Qxg2 d5 22. a3 b5 23. e5 Nh5 24. Ne2 a5 25. Ng5 Ng7 26. Bc5 Nf5 27. Nd4 Nxd4 28. Bxd4 axb4 29. Nxe6 fxe6 30.
Qxg6+ Kd7 31. f5 Ra6 32. f6 Qg8 33. Qxg8 Rxg8 34. fxe7 bxa3 35. Rf8 Ra8 36. e8=Q+ Rxe8 37. Rf7+ Re7 38. Rxe7+ Kxe7 39. Rc7+ Ke8 40. Rxb7 Rg4 41. Bc5 Ra4 42. Ra7 Rxa7 43. Bxa7 b4 44. Bc5 d4 45. h4 Kd7 46. h5 Kc6 47. h6 Kxc5 48. h7 a2 49. h8=Q a1=Q+ 50. Kh2 Qa6 51. Qf8+ Kb5 52. Qd8 b3 53. Qxd4 Qa2+ 54.
Kg3 b2 55.
Qd7+ Kb4 56.
Qd4+ Ka3 57.
Qc5+ Ka4 58.
Qd4+ Ka3 59.
Qc5+ Ka4 60.
Qd4+ Kb5 61. Qd7+ Kb6 62. Qd6+ Ka5 63. Qc5+ Ka4 64. Qd4+ Ka3 65. Qc5+ Kb3 66. Qc4+ Ka3 67. Qc5+ Ka4 68. Qd4+ Kb5 69. Qd7+ Kc5 70. Qd6+ Kb5 71. Qd7+ 1/2-1/2

[Site "Europe Echecs"]

[Event "Championnat d'Europe Rapide"]
[Date "2024.12.08"]
[White "Beerdsen, Thomas"]
[Black "Smeets, Jan"]
[WhiteElo "2502"]
[BlackElo "2552"]
[Round "10.15"]
[Result "0-1"]
[TimeControl "900+10"]

1. e4 c6 2.
d4 d5 3. f3 e6 4. Nc3 Nd7 5. Bd3 c5 6. exd5 cxd4 7. Nb5 a6 8. dxe6 axb5 9.
exd7+ Bxd7 10. Ne2 Bc5 11. O-O Ne7 12. Ng3 O-O 13. Ne4 Bb6 14. Kh1 Bc6 15. Qe1 Nd5 16. Qg3 Qd7 17. c4 bxc4 18. Bxc4 Kh8 19. Rd1 f5 20. Ng5 Qe7 21. Re1 Ne3 22. Bxe3 dxe3 23. Rad1 Rae8 24. Rd6 h6 25. Ne6 Rf6 26. Bb3 f4 27. Qg4 Ba5 28. Re2 Bb5 29. Rd5 Bxe2 30. Rxa5 Rxe6 0-1

[Site "Europe Echecs"]

[Event "Championnat d'Europe Rapide"]
[Date "2024.12.08"]
[White "Grigoriants, Sergey"]
[Black "Kalezic, Blazo"]
[WhiteElo "2542"]
[BlackElo "2382"]
[Round "10.16"]
[Result "1-0"]
[TimeControl "900+10"]

1. e4 e6 2.
d4 d5 3. Nc3 Nf6 4. e5 Nfd7 5. f4 c5 6. Nf3 Nc6 7. Be3 cxd4 8. Nxd4 Bc5 9. Qd2 a6 10. O-O-O Nxd4 11. Bxd4 O-O 12. Qe3 Bxd4 13.
Qxd4 b5 14.
Bd3 Qb6 15.
Ne2 Nc5 16.
Kb1 b4 17.
g4 Rb8 18.
f5 Ne4 19.
Rhf1 exf5 20. gxf5 Qxd4 21. Nxd4 Re8 22. Rf4 Bb7 23. e6 f6 24. Nb3 g5 25. fxg6 Rxe6 26. gxh7+ Kh8 27. Rg1 Re7 28. h4 Rg7 29. Rxg7 Kxg7 30. Kc1 Re8 31. Nd2 Re5 32. Kd1 Kxh7 33. Rxf6 Kg7 34. Rf4 a5 35. Nf3 Re8 36. Nd4 a4 37. a3 bxa3 38. bxa3 Rc8 39. Kc1 Kg8 40. Nf5 Ra8 41. Ne7+ Kg7 42. Nxd5 Nc5 43. Bc4 Bxd5 44. Bxd5 Rd8 45. Bc6 Rc8 46. Rg4+ Kf6 47. Bb5 Rb8 48. Rb4 Ke5 49. Kb2 Kd6 50. h5 Rh8 51. Be2 Re8 52. Bg4 Re1 53. Bf5 Rh1 54. Bg6 Rh3 55. Rf4 Kc7 56. Rf8 Kb6 57. Rb8+ Ka7 58. Rh8 Nb7 59. h6 Nd6 60. Bd3 Nb7 61. h7 Nc5 62. Bf5 Rh5 63. Rf8 1-0

[Site "Europe Echecs"]

[Event "Championnat d'Europe Rapide"]
[Date "2024.12.08"]
[White "Samunenkov, Ihor"]
[Black "Grigorov, Grigor"]
[WhiteElo "2543"]
[BlackElo "2497"]
[Round "10.17"]
[Result "1/2-1/2"]
[TimeControl "900+10"]

1. e4 c6 2.
d4 d5 3. e5 Bf5 4. h4 a6 5. Nc3 h5 6. Bd3 Bxd3 7. Qxd3 e6 8. Nf3 c5 9. Bg5 Qc7 10. O-O Nc6 11. Ne2 cxd4 12.
Nexd4 Nxd4 13. Nxd4 Be7 14. Qg3 Bxg5 15. Qxg5 g6 16. Rfe1 Qe7 17. Qf4 Nh6 18. a4 Rc8 19. Rad1 Nf5 20. Nxf5 gxf5 21. c3 Rg8 22. f3 Rc4 23. Rd4 Qc5 24. Qe3 Qc7 25. Rc1 Qb6 26. Qf2 Qb3 27. Qc2 Qb6 28. Qf2 Qb3 29. Qc2 1/2-1/2

[Site "Europe Echecs"]

[Event "Championnat d'Europe Rapide"]
[Date "2024.12.08"]
[White "Saric, Ante"]
[Black "Dobrikov, Marco"]
[WhiteElo "2482"]
[BlackElo "2407"]
[Round "10.18"]
[Result "1-0"]
[TimeControl "900+10"]

1. Nf3 Nf6 2. c4 c6 3. Nc3 d5 4. e3 e6 5. d4 Nbd7 6. Bd3 Bd6 7. e4 dxc4 8. Bxc4 b5 9. Bxe6 fxe6 10. e5 Be7 11. exf6 gxf6 12. O-O O-O 13. Qe2 Nb6 14. Bh6 Rf7 15. Rad1 Nd5 16. Nxd5 Qxd5 17. b3 Bd7 18. Ne5 fxe5 19. dxe5 Qc5 20. Rxd7 Kh8 21. Be3 Qa3 22. Qh5 Rg7 23. Qh3 Rg6 24. Qf3 Rag8 25. g3 Bc5 26. Rfd1 Bxe3 27. Qxe3 a5 28. Rc7 Qxa2 29. Rdd7 R6g7 30. Rxg7 Rxg7 31. Rc8+ Rg8 32.
Rxg8+ Kxg8 33. Qg5+ Kf8 34. Qf6+ Kg8 35. Qxe6+ Kf8 36. Qf6+ Kg8 37. e6 Qb1+ 38. Kg2 Qe4+ 39. f3 Qc2+ 40. Kh3 Qg6 41. Qd8+ Kg7 42. Qd7+ Kf6 43. e7 Qh6+ 44. Kg2 Qd2+ 45. Qxd2 1-0

[Site "Europe Echecs"]

[Event "Championnat d'Europe Rapide"]
[Date "2024.12.08"]
[White "Subelj, Jan"]
[Black "Gavrilescu, David"]
[WhiteElo "2526"]
[BlackElo "2549"]
[Round "10.19"]
[Result "1/2-1/2"]
[TimeControl "900+10"]

1. Nf3 d5 2.
g3 Nf6 3.
Bg2 e6 4.
O-O Be7 5.
c4 O-O 6. d4 a5 7. Qc2 Nc6 8. Bd2 a4 9. Rd1 Bd7 10. Be1 dxc4 11.
Qxc4 Na5 12.
Qd3 Bc6 13.
Nc3 a3 14.
b3 b6 15.
Rac1 Bb7 16.
Ne5 Bxg2 17.
Kxg2 Nd7 18.
Qb5 Nxe5 19.
dxe5 Qb8 20.
Rd7 c6 21.
Qa4 Re8 22.
Qe4 b5 23.
Qf4 Ra7 24.
Rxa7 Qxa7 25. Ne4 c5 26. Bxa5 Qxa5 27. Nxc5 h6 28. h4 Qa7 29. Nd3 Rd8 30. Qe4 Qb8 31. Qc6 Bf8 32. Rc2 h5 33. Qc7 Qa8+ 34. f3 g6 35. Qb6 Rb8 36. Qc6 Qa7 37. Qc7 Rb7 38.
Qd8 Rb8 39.
Qc7 Rb7 40.
Qc6 Rb8 41.
b4 Qd4 42.
Qc3 Qa7 43.
Qc7 Rb7 44.
Qd8 Rd7 45.
Qe8 Rc7 46.
Rxc7 Qxc7 47. Nc5 Kg7 48. Nd7 Bxb4 49. Nf6 Bf8 50. Nd7 Bb4 51. Nf6 Bf8 1/2-1/2

[Site "Europe Echecs"]

[Event "Championnat d'Europe Rapide"]
[Date "2024.12.08"]
[White "Santos Latasa, Jaime"]
[Black "Schneider, Ilja"]
[WhiteElo "2628"]
[BlackElo "2414"]
[Round "10.20"]
[Result "1-0"]
[TimeControl "900+10"]

1. d4 Nf6 2.
c4 e6 3. Nc3 Bb4 4. e3 O-O 5. Bd3 d5 6. a3 Bxc3+ 7.
bxc3 dxc4 8.
Bxc4 c5 9.
Nf3 Qc7 10.
Ba2 b6 11.
O-O Nc6 12.
Re1 Rd8 13.
e4 e5 14. d5 Ne7 15. h3 Ne8 16. c4 Ng6 17. Bb1 Nd6 18. Bd3 Ba6 19. Qe2 Rf8 20. a4 Bc8 21. Qc2 Bd7 22. Bb2 f6 23. a5 Rfb8 24. Bf1 bxa5 25. Nd2 a4 26. Bc3 a5 27. Ra3 Rb4 28. g3 Ne7 29. h4 Nec8 30. Be2 Nb6 31. Ba1 Bc8 32. f4 Nf7 33. Rf1 Ba6 34. Kg2 Re8 35. Rf2 Qe7 36. Raf3 Nd7 37. Bc3 Nb6 38. Re3 Qc7 39. Bh5 Nxc4 40.
Nxc4 Rxc4 41. fxe5 Rxe5 42. Bxe5 Nxe5 43. Qa2 Kf8 44. Be2 Qb8 45. Bxc4 Nxc4 46. Re1 Ne5 47. Qxa4 Nd3 48. Qxa5 Bc8 49. Rd1 Bh3+ 50. Kh2 1-0

[Site "Europe Echecs"]

[Event "Championnat d'Europe Rapide"]
[Date "2024.12.08"]
[White "Navara, David"]
[Black "Stefanova, Antoaneta"]
[WhiteElo "2665"]
[BlackElo "2418"]
[Round "10.21"]
[Result "1-0"]
[TimeControl "900+10"]

1. e4 e5 2.
Nf3 Nc6 3. Bb5 a6 4. Ba4 d6 5. O-O Bd7 6. c3 g6 7. d4 Bg7 8. Re1 b5 9. Bb3 Nf6 10. Nbd2 O-O 11. Nf1 Qc8 12. h3 Qb7 13. Ng3 Rae8 14. Bc2 Na5 15. b3 c5 16. Be3 cxd4 17. cxd4 Rd8 18. Qd2 Nc6 19. Rad1 Rc8 20. Bb1 Rfe8 21. Bh6 b4 22. Bxg7 Kxg7 23. Qb2 Qb8 24. Bd3 a5 25. Bc4 Re7 26. Qd2 h6 27. Rc1 Na7 28. a4 Be6 29. Bxe6 Rxe6 30. Rxc8 Nxc8 31. Rc1 Re8 32. dxe5 dxe5 33. Rc5 Nd6 34. Rxa5 Ndxe4 35.
Nxe4 Nxe4 36. Qe1 Nc3 37. Rxe5 Rd8 38. Qf1 Qd6 39. Qc4 Qd1+ 40. Re1 Qd5 41. Qxb4 Rc8 42. Qd4+ Qxd4 43. Nxd4 Rb8 44.
Rc1 Ne4 45.
a5 Rb4 46.
Rc4 Rxc4 47.
bxc4 Nc5 48. Nb3 Na6 49. f4 Kf6 50. Kf2 Ke6 51. Ke3 Kd6 52. Kd4 f6 53. c5+ Kc6 1-0

[Site "Europe Echecs"]

[Event "Championnat d'Europe Rapide"]
[Date "2024.12.08"]
[White "Sarana, Alexey"]
[Black "Domingo Nunez, Ruben"]
[WhiteElo "2674"]
[BlackElo "2409"]
[Round "10.22"]
[Result "1-0"]
[TimeControl "900+10"]

1. d4 g6 2.
e4 Bg7 3. Nc3 d5 4. Nxd5 c6 5. Ne3 Qxd4 6. Qxd4 Bxd4 7. a4 Nd7 8. Bc4 Nc5 9. f3 Be6 10. Ne2 Be5 11. a5 Nf6 12. Bxe6 Nxe6 13. Nc4 Bc7 14. Be3 Nh5 15. g3 f5 16. e5 f4 17. Bd2 fxg3 18. hxg3 O-O 19. f4 b5 20. Ne3 Rad8 21.
O-O-O Nd4 22. Nxd4 Rxd4 23. Be1 Rfd8 24. b3 a6 25. Rxd4 Rxd4 26. Bf2 Rd7 27. b4 Ng7 28. Rd1 Rxd1+ 29. Nxd1 Ne6 30. Nc3 g5 31. Be3 gxf4 32. gxf4 h5 33. Kd1 Kf7 34. Ne4 Kg6 35. Ke2 Kf5 36. Kf3 h4 37. c3 Bb8 38. Nf2 Nc7 39. Nd3 Nd5 40. Bd4 h3 41. Kg3 h2 42. Kxh2 Nxf4 43. Nc5 Bxe5 44. Nxa6 Ne6+ 45. Bxe5 Kxe5 46. Nc5 Nc7 47. Kg3 Kd5 48. Kf4 Kc4 49. Ne4 Nd5 50. Kf5 Kd3 51. a6 Nc7 52. a7 Ke3 53.
Nc5 Kd2 54.
Na6 Na8 55. Ke6 Kxc3 56. Kd7 c5 57. bxc5 b4 58. Nxb4 Kxb4 59. c6 Nb6+ 60. Kd8 1-0

[Site "Europe Echecs"]

[Event "Championnat d'Europe Rapide"]
[Date "2024.12.08"]
[White "Koelle, Tobias"]
[Black "Deac, Bogdan-Daniel"]
[WhiteElo "2437"]
[BlackElo "2696"]
[Round "10.23"]
[Result "1/2-1/2"]
[TimeControl "900+10"]

1. d4 Nf6 2. c4 e6 3. Nf3 b6 4. g3 Bb7 5. Bg2 g6 6. O-O Bg7 7. Nc3 Ne4 8. Nxe4 Bxe4 9. Bg5 Qc8 10. Qd2 h6 11. Be3 d6 12. Rfd1 Nd7 13. Rac1 Nf6 14. h3 a5 15. b3 Kf8 16. Kh2 Kg8 17. Ne1 Bxg2 18. Nxg2 Kh7 19. f3 Qb7 20. Bf2 Rhc8 21. e4 b5 22. c5 dxc5 23. Rxc5 c6 24. Rdc1 Bf8 25. R5c2 Ba3 26. Rd1 Bb4 27. Qc1 Be7 28. Nf4 a4 29. Nd3 axb3 30. axb3 Nd7 31. Be3 Bf8 32. Kg2 Ra6 33. Bd2 Raa8 34. Bb4 Bg7 35. Nc5 Nxc5 36. Bxc5 Rd8 37. Rcd2 Ra6 38. Qc3 Rda8 39. Qe3 Qd7 40. g4 Qd8 41. f4 Ra2 42. Qf3 Kg8 43. Qf2 Rxd2 44. Rxd2 Ra1 45. Qf3 Qa5 46. b4 Qa4 47. f5 Ra3 48. Qf1 Qb3 49. Kh1 gxf5 50.
gxf5 exf5 51. Qxf5 Qb1+ 52. Kh2 Ra1 53. Qc8+ Kh7 54.
Qf5+ Kh8 55.
Qc8+ Kh7 56.
Qf5+ Kh8 57.
Qc8+ 1/2-1/2

[Site "Europe Echecs"]